 Dungeon Crawl Stone Soup version 0.30.1-1-g62c8e00024 (webtiles) character file.

Game seed: 16192464649176914020

8099 Babbit the Cleaver (level 11, -2/97 HPs)
             Began as a Minotaur Fighter on July 16, 2023.
             Was a High Priest of Okawaru.
             Slain by Snorg (11 damage)
             ... on level 11 of the Dungeon.
             The game lasted 01:21:25 (9945 turns).

Babbit the Cleaver (Minotaur Fighter)               Turns: 9945, Time: 01:21:26

Health: -2/97      AC: 16    Str: 31    XL:     11   Next: 5%
Magic:  13/13      EV: 10    Int:  1    God:    Okawaru [*****.]
Gold:   651        SH:  0    Dex: 10    Spells: 10/10 levels left

rFire   . . .        d - +4 hand axe
rCold   . . .        p - orb "Lieczucani" {light, Will++ Str-3}
rNeg    . . .        H - +1 scale mail "Anta" {rElec rCorr Str+9 Int-4}
rPois   .            (helmet restricted)
rElec   +            C - +2 cloak {Will+}
rCorr   +            b - +0 pair of gloves
SInv    +            a - +1 pair of boots
Will    +++..        f - amulet of magic regeneration Stlth
                     l - ring of see invisible
HPRegen 0.36/turn    (no ring)
MPRegen 0.53/turn

%: no passive effects
@: glowing
A: horns 2, retaliatory headbutt
a: Renounce Religion, Heroism, Finesse, Duel


You were on level 11 of the Dungeon.
You worshipped Okawaru.
Okawaru was extremely pleased with you.
You visited 1 branch of the dungeon, and saw 11 of its levels.

You collected 651 gold pieces.

Inventory:

Hand Weapons
 d - a +4 hand axe (weapon)
 h - a +6 trident of protection
 z - the +6 mace "Nugaehaf" {flame, rN+ Dex+2}
   (You found it on level 4 of the Dungeon)

   Dex:       It affects your dexterity (+2).
   rN:        It protects you from negative energy.
Missiles
 e - 5 boomerangs
 i - 31 poisoned darts
 k - 4 javelins
 E - a silver boomerang
 J - 2 throwing nets
Armour
 a - a +1 pair of boots (worn)
 b - a +0 pair of gloves (worn)
 p - the orb "Lieczucani" (worn) {light, Will++ Str-3}
   (You found it on level 2 of the Dungeon)

   Str:       It affects your strength (-3).
   Will:      It greatly increases your willpower.
 x - a +0 kite shield
 C - a +2 cloak of willpower (worn)
 D - a +0 plate armour
 H - the +1 scale mail "Anta" (worn) {rElec rCorr Str+9 Int-4}
   (Okawaru gifted it to you on level 8 of the Dungeon)

   Str:       It affects your strength (+9).
   Int:       It affects your intelligence (-4).
   rElec:     It insulates you from electricity.
   rCorr:     It protects you from acid and corrosion.
Jewellery
 f - an amulet of magic regeneration (around neck)
 l - a ring of see invisible (left hand)
Wands
 n - a wand of flame (6)
 u - a wand of polymorph (9)
 B - a wand of light (13) (quivered)
Scrolls
 g - a scroll of amnesia
 r - a scroll of magic mapping
 s - a scroll of fear {unknown}
 v - 2 scrolls of blinking
 y - 2 scrolls of immolation {unknown}
 F - a scroll of fog
Potions
 c - a potion of flight
 j - a potion of lignification
 m - a potion of curing
 q - a potion of berserk rage
 t - a potion of brilliance
 w - 2 potions of magic
 G - a potion of cancellation {unknown}
 I - a potion of experience {unknown}


   Skills:
 + Level 9.4 Fighting
 * Level 12.2 Axes
 * Level 4.2 Throwing
 + Level 9.4 Armour
 + Level 9.3 Shields
 * Level 4.1 Invocations


You had 10 spell levels left.
You didn't know any spells.
Your spell library contained the following spells:

 Spells                   Type           Power      Damage    Failure   Level
 Shock                    Conj/Air       0%         1d3       77%         1
 Sting                    Tmut/Pois      0%         1d3       77%         1
 Cigotuvi's Dreadful Rot  Necr/Pois/Air  0%         N/A       88%         2
 Poisonous Vapours        Pois/Air       0%         N/A       88%         2
 Inner Flame              Hex/Fire       0%         N/A       98%         3
 Mephitic Cloud           Conj/Pois/Air  0%         N/A       98%         3
 Swiftness                Air            0%         N/A       98%         3
 Volatile Blastmotes      Fire/Tloc      0%         2d10      98%         3
 Airstrike                Air            0%         2d(0-16)  100%        4
 Dispel Undead            Necr           0%         3d6       100%        4
 Olgreb's Toxic Radiance  Pois           0%         N/A       100%        4
 Freezing Cloud           Conj/Ice/Air   0%         6-21      100%        5
 Dispersal                Tloc           0%         N/A       100%        6
 Orb of Destruction       Conj           0%         9d5       100%        7
 Ignition                 Fire           0%         3d3       100%        8
 Summon Guardian Golem    Hex/Summ       Unusable   N/A       N/A         3
 Death Channel            Necr           Unusable   N/A       N/A         6
 Spellforged Servitor     Conj/Summ      Unusable   N/A       N/A         7

Dungeon Overview and Level Annotations

Branches:
Dungeon (11/15)            Temple (0/1) D:5
   Lair: D:8-11         Orc: D:9-12

Altars:
Ashenzari
Gozag
Hepliaklqana
Kikubaaqudgha
Okawaru
Sif Muna
Uskayaw
Vehumet
Yredelemnul
The Shining One

Annotations:
D:11 Snorg


Innate Abilities, Weirdness & Mutations

You have a pair of horns on your head.
You reflexively headbutt those who attack you in melee.


Message History

You barely miss Snorg. You headbutt Snorg.
Snorg is heavily wounded.
Snorg bites you. Snorg barely misses you. Snorg claws you!
You hit Snorg.
Snorg is heavily wounded.
Snorg bites you! Snorg barely misses you. x2
Really quaff the potion of lignification?
Okay, then.
You hit Snorg. You headbutt Snorg.
Snorg is heavily wounded.
You strike the helpless Snorg from behind!
You slash Snorg! You headbutt Snorg.
Snorg is severely wounded.
Snorg barely misses you. Snorg claws you! Snorg misses you. Snorg bites you!
* * * LOW HITPOINT WARNING * * *
Snorg claws you.
* * * LOW HITPOINT WARNING * * *
Snorg claws you!
* * * LOW HITPOINT WARNING * * *
Okay, then.
Blink to where?
Press: ? - help, Dir - move target, p - Snorg
As you read the scroll of blinking, it crumbles to dust.
Aiming: Bolt of Light
Press: ? - help, Q - select action, (/) - cycle Shift-Dir - straight line, f - Snorg
Aim: Snorg (translocational energy, severely wounded, berserk, blind, 71% to hit)
The bolt of light hits Snorg!
Snorg is severely wounded.
Snorg is no longer blind.
Aiming: Bolt of Light
Press: ? - help, Q - select action, (/) - cycle Shift-Dir - straight line, f/p - Snorg
Aim: Snorg (severely wounded, berserk, haloed, 81% to hit)
The bolt of light hits Snorg!
Snorg is almost dead.
Snorg is blinded.
You slash Snorg! You headbutt Snorg.
Snorg is almost dead.
Snorg barely misses you. You furiously retaliate!
You headbutt Snorg! Snorg claws you!
You die...

.........# .........#
..#..#... #........# .
...#...# #...####.# ..
.#..#.# #...# #.# #
#.#..#..# #...# #.#
#.#...#...# #...# #.#
#....#..#.# #...# #.#
..........######@..####.#
.........((C<..T........#
#########################


You could see Snorg (berserk, blind) and a cyclops (blind).

Vanquished Creatures
  A cane toad (D:8)
  2 hornets
  A troll (D:9)
  A wyvern (D:9)
  12 yaks
  3 steam dragons
  2 acid dragons
  4 orc warriors
  3 water moccasins
  2 ice beasts (D:7)
  3 sky beasts
  3 ogres
  6 wolves (D:8)
  6 centaurs
  A phantom (D:6)
  4 kobold brigands
  A gnoll sergeant (D:6)
  3 bullfrogs
  2 scorpions
  5 wights (D:7)
  7 killer bees
  2 howler monkeys
  2 gnoll boudas
  8 hounds
  A jelly (D:4)
  Crazy Yiuf (D:5)
  3 orc priests
  4 iguanas
  2 sleepcaps (D:6)
  6 orc wizards
  5 adders
  10 gnolls
  A white imp (D:6)
  A dart slug (D:5)
  A worm (D:4)
  34 orcs
  6 bats
  10 endoplasms
  5 giant cockroaches
  5 hobgoblins
  6 jackals
  21 kobolds
  4 quokkas
  7 ball pythons
  3 frilled lizards
  9 goblins
  3 rats
232 creatures vanquished.

Notes
Turn   | Place    | Note
-------+----------+-------------------------------------------
     0 | D:1      | Babbit the Minotaur Fighter began the quest for the Orb.
     0 | D:1      | Reached XP level 1. HP: 19/19 MP: 0/0
   127 | D:1      | Reached XP level 2. HP: 27/27 MP: 1/1
   213 | D:1      | Reached skill level 3 in Axes
   780 | D:1      | Reached XP level 3. HP: 32/33 MP: 2/2
  1011 | D:2      | Found a hide-covered altar of Uskayaw.
  1130 | D:2      | Identified the orb "Lieczucani" {light, Will++ Str-3}
  1769 | D:3      | Found a faded altar of an unknown god.
  1769 | D:3      | Found a faded altar of an unknown god.
  1771 | D:3      | Found a hazy altar of Hepliaklqana.
  1904 | D:3      | Found a glowing golden altar of the Shining One.
  1905 | D:3      | Found an iron altar of Okawaru.
  1955 | D:3      | Became a worshipper of Warmaster Okawaru
  2091 | D:3      | Reached XP level 4. HP: 39/40 MP: 3/3
  2174 | D:4      | Reached skill level 4 in Axes
  2328 | D:4      | Noticed a centaur
  2340 | D:4      | Killed a centaur
  2341 | D:4      | Reached XP level 5. HP: 20/47 MP: 4/4
  2478 | D:4      | You fall into a shaft and drop 3 floors!
  2582 | D:6      | Reached * piety under Okawaru
  2583 | D:6      | Reached skill level 5 in Axes
  2583 | D:6      | Reached XP level 6. HP: 31/55 MP: 5/5
  2712 | D:5      | Entered Level 5 of the Dungeon
  2724 | D:5      | Reached skill level 5 in Fighting
  2724 | D:5      | Reached skill level 5 in Armour
  2724 | D:5      | Reached skill level 5 in Shields
  2934 | D:4      | Identified the +6 mace "Nugaehaf" {flame, rN+ Dex+2}
  3364 | D:5      | Reached skill level 6 in Axes
  3369 | D:5      | Reached XP level 7. HP: 48/61 MP: 6/6
  3695 | D:5      | Found a staircase to the Ecumenical Temple.
  3954 | D:5      | Found a runed translucent door.
  3955 | D:5      | Noticed Crazy Yiuf
  3964 | D:5      | HP: 3/60 [poisoned by Crazy Yiuf]
  3965 | D:5      | Killed Crazy Yiuf
  4521 | D:6      | Reached skill level 7 in Axes
  4609 | D:6      | Reached ** piety under Okawaru
  4661 | D:6      | Found an opulent altar of Gozag.
  4762 | D:6      | Reached XP level 8. HP: 69/70 MP: 7/7
  5269 | D:6      | Reached skill level 8 in Axes
  5426 | D:6      | Identified the +3 robe of the Twenty Mouths {Will+ Int+3}
  5480 | D:6      | Identified the staff of earth "Hedyged" {rCorr}
  5755 | D:7      | Reached *** piety under Okawaru
  5817 | D:7      | Reached skill level 9 in Axes
  5826 | D:7      | Reached XP level 9. HP: 67/79 MP: 8/8
  5841 | D:7      | Reached **** piety under Okawaru
  5852 | D:7      | Reached skill level 10 in Axes
  6078 | D:7      | Found a broken altar of Ashenzari.
  6448 | D:8      | Noticed a troll
  6455 | D:8      | a troll changed into a cane toad
  6455 | D:8      | Noticed a cane toad
  6460 | D:8      | Killed a cane toad
  6739 | D:8      | Reached skill level 11 in Axes
  6791 | D:8      | Reached ***** piety under Okawaru
  7114 | D:8      | Reached XP level 10. HP: 90/90 MP: 9/9
  7121 | D:8      | Identified the +1 scale mail "Anta" {rElec rCorr Str+9
                  | Int-4} (Okawaru gifted it to you on level 8 of the Dungeon)
  7121 | D:8      | Received a gift from Okawaru
  7391 | D:9      | Found a radiant altar of Vehumet.
  7434 | D:9      | Reached skill level 1 in Throwing
  7434 | D:9      | Reached skill level 1 in Invocations
  7987 | D:9      | Paralysed by a hornet for 1 turns
  7997 | D:9      | Paralysed by a hornet for 1 turns
  8282 | D:9      | Identified the +1 spear "Hydraslayer" {venom, rC+ Dex+3}
  8669 | D:9      | Found a basalt altar of Yredelemnul.
  8695 | D:10     | Entered Level 10 of the Dungeon
  8780 | D:10     | Reached skill level 12 in Axes
  9069 | D:10     | Found an ancient bone altar of Kikubaaqudgha.
  9124 | D:10     | Got the Book of Sweltering Shifting
  9351 | D:10     | Found a shimmering blue altar of Sif Muna.
  9801 | D:11     | Reached XP level 11. HP: 94/97 MP: 11/13
  9920 | D:11     | Noticed Snorg
  9945 | D:11     | Slain by Snorg

Illustrated notes

Levels and vault maps discovered:
D:1:      sevenhm_arrival_forest_fort_large_4, layout_basic, minmay_pentomino_o4
D:2:      layout_rooms, basic_altar
D:3:      layout_loops_ring, nicolae_hepliaklqana_ecumenical_no_more,
          mainiacjoe_overflow_divided_tiny, minmay_misc_feat_nine_boxes,
          minmay_misc_feat_x, nrook_campfire
D:4:      layout_cave_pools
D:5:      layout_loops_corners, minmay_temple_entry_offerings,
          uniq_crazy_yiuf_cottage
D:6:      layout_loops_corners, marbit_many_paths
D:7:      layout_rooms, nicolae_ashenzari_skybound, enter_bailey_5
D:8:      layout_basic, overflow_temple_1_default, erik_lair_island
D:9:      layout_roguey, hangedman_feature_mirror, nrook_mini_vaults
D:10:     layout_big_octagon, mainiacjoe_overflow_24_doors,
          mainiacjoe_overflow_catwalk
D:11:     layout_small_grid, kennysheep_path_1, minmay_misc_feat_diagonals,
          kb_lookout_dungeons_type, uniq_snorg

Skill      XL: |  1  2  3  4  5  6  7  8  9 10 |
---------------+-------------------------------+-----
Axes           | 3 4 5 6 7 9 11 12 | 12.2
Armour         | 4 5 6 7 8 9 |  9.4
Fighting       | 4 5 6 7 8 9 |  9.4
Shields        | 4 5 6 7 8 9 |  9.3
Throwing       | 4 |  4.2
Invocations    | 4 |  4.1

Action                     |  1- 3 |  4- 6 |  7- 9 | 10-12 || total
---------------------------+-------+-------+-------+-------++-------
  Melee: War axe           |    88 |    63 |   166 |       ||   317
         Headbutt          |     7 |    13 |    60 |    77 ||   157
         Hand axe          |       |       |    69 |   222 ||   291
  Throw: Dart              |       |     2 |    15 |    29 ||    46
  Evoke: Wand              |       |       |     1 |     3 ||     4
    Use: Scroll            |     3 |       |     6 |    12 ||    21
         Potion            |       |     3 |     5 |     4 ||    12
   Stab: Invisible         |       |       |       |     1 ||     1
 Armour: Scale mail        |    44 |    36 |    23 |    81 ||   184
         Plate armour      |       |       |   133 |     5 ||   138
  Dodge: Dodged            |    33 |    40 |   108 |   111 ||   292
  Block: Buckler           |    13 |       |       |       ||    13
